 Dungeon Crawl Stone Soup version 0.31.0-32-g396128a36d (webtiles) character file.

Game seed: 15333484227206344414

8801 GlitterCritter the Geomancer (level 11, -18/71 HPs)
             Began as a Gargoyle Earth Elementalist on Mar 19, 2024.
             Was an Initiate of Gozag.
             Shot with an arrow by a deep elf archer (29 damage)
             ... on level 9 of the Dungeon.
             The game lasted 00:29:05 (15462 turns).

GlitterCritter the Geomancer (GrEE)                Turns: 15462, Time: 00:29:06

Health: -18/71     AC: 12    Str: 16    XL:     11   Next: 36%
Magic:  7/15       EV: 11    Int: 20    God:    Gozag
Gold:   719        SH:  0    Dex: 10    Spells: 7/16 levels left

rFire   + . .        A - +1 whip (flame)
rCold   + . .        (no shield)
rNeg    + . .        L - +0 robe "Xerac" {rC+ Will+ Str+4}
rPois   ∞            e - +0 helmet
rElec   +            K - +0 cloak
rCorr   .            (no gloves)
SInv    .            (no boots)
Will    +....        (no amulet)
Stlth   ++           F - ring of protection from fire
HPRegen 0.31/turn    (no ring)
MPRegen 0.14/turn

%: no passive effects
@: no status effects
A: sickness immunity, AC +8, negative energy resistance 1, electricity
resistance, torment resistance 1, petrification resistance
a: Renounce Religion, Potion Petition, Call Merchant, Bribe Branch


You were on level 9 of the Dungeon.
You worshipped Gozag.
Gozag was pleased with you.
You visited 2 branches of the dungeon, and saw 11 of its levels.
You also visited: Sewer.

You collected 1384 gold pieces.
You spent 588 gold pieces at shops.
You paid 77 gold pieces to Gozag.


Innate Abilities, Weirdness & Mutations

You are immune to sickness and miasma.
Your stone body is resilient. (AC +8)
You are immune to poison.
You resist negative energy. (rN+)
You are resistant to electric shocks. (rElec)
You are resistant to unholy torment.
You are immune to petrification.


   Skills:
 - Level 9.0 Fighting
 - Level 2.0 Maces & Flails
 - Level 1.5 Dodging
 - Level 2.1 Stealth
 - Level 3.0 Spellcasting
 + Level 10.6 Conjurations
 - Level 14.0 Earth Magic


You had 7 spell levels left.
You knew the following spells:

 Your Spells              Type           Power      Damage    Failure   Level
i - Iskenderun's Battles  Conj           45%        2d10      4%          5
w - Stone Arrow           Conj/Erth      100%       3d13      1%          3
z - Sandblast             Erth           100%       2d20      1%          1

Your spell library contained the following spells:

 Spells                   Type           Power      Damage    Failure   Level
 Passwall                 Erth           56%        N/A       1%          3
 Brom's Barrelling Bould  Conj/Erth      51%        2d7       1%          4
 Petrify                  Alch/Erth      31%        N/A       8%          4
 Bombard                  Conj/Erth      25%        9d5       14%         6
 Ensorcelled Hibernation  Hex/Ice        6%         N/A       22%         2
 Lesser Beckoning         Tloc           6%         N/A       22%         2
 Fugue of the Fallen      Necr           3%         N/A       38%         3
 Gell's Gravitas          Tloc           3%         N/A       38%         3
 Teleport Other           Tloc           3%         N/A       38%         3
 Anguish                  Hex/Necr       1%         N/A       80%         4
 Spellforged Servitor     Conj/Summ      12%        N/A       100%        7

Inventory:

Hand Weapons
 c - a +0 dagger
 o - a +0 whip of holy wrath
 y - a +2 flail of protection
 A - a +1 whip of flaming (weapon)
 J - a +1 dagger of venom
Missiles
 a - 3 throwing nets {=f}
 k - 3 javelins
 p - 33 poisoned darts (quivered)
Armour
 e - a +0 helmet (worn)
 i - a +0 kite shield
 K - a +0 cloak (worn)
 L - the +0 robe "Xerac" (worn) {rC+ Will+ Str+4}
   (You found it on level 5 of the Dungeon)

   Str+4:     It affects your strength (+4).
   rC+:       It protects you from cold.
   Will+:     It increases your willpower.
Jewellery
 C - a ring of ice
 F - a ring of protection from fire (left hand)
 Z - a ring of wizardry
Wands
 r - a wand of acid (3)
 G - a wand of charming (7)
 I - a wand of polymorph (14)
Scrolls
 g - 3 scrolls of enchant armour {unknown}
 h - 2 scrolls of acquirement {unknown}
 j - a scroll of poison {unknown}
 m - a scroll of immolation {unknown}
 n - 4 scrolls of fear {unknown}
 s - 5 scrolls of enchant weapon {unknown}
 u - 5 scrolls of teleportation {unknown}
 v - 2 scrolls of brand weapon {unknown}
 x - 4 scrolls of fog {unknown}
 z - a scroll of noise {unknown}
 D - 2 scrolls of amnesia {unknown}
 N - 2 scrolls of revelation {unknown}
 O - a scroll of identify {@r1}
Potions
 b - 2 potions of magic
 d - a potion of berserk rage {!q}
 f - 3 potions of degeneration
 l - 3 potions of curing {@q1}
 q - 2 potions of lignification
 t - 4 potions of brilliance
 w - 3 potions of haste {@q3}
 B - a potion of enlightenment {unknown}
 E - a potion of resistance {unknown}
 H - a potion of attraction {unknown}
 M - a potion of might {unknown}

Dungeon Overview and Level Annotations

Branches:
Dungeon (10/15)            Temple (1/1) D:4           Sewer (visited)
   Lair: D:8-11         Orc: D:9-12

Altars:
Ashenzari
Cheibriados
Dithmenos
Elyvilon
Fedhas
Gozag
Hepliaklqana
Kikubaaqudgha
Makhleb
Nemelex Xobeh
Okawaru
Qazlal
Ru
Sif Muna
Trog
Uskayaw
Vehumet
Xom
Yredelemnul
Zin
The Shining One

Shops:
D:5

(: ..▒.....▒.▒.......▒
..▒.....▒.▒.......▒
..▒.....▒.▒.......▒
..▒▒▒'▒▒▒.▒.......▒
..........▒...$...▒
▒▒........▒.......▒▒▒▒▒
.▒........▒...........▒
.▒........▒.........✱.▒
.▒▒▒▒▒▒▒▒▒▒.....@.....▒
......................▒
▒▒▒▒▒............e....▒
....▒..............▒▒▒▒
....▒....▒▒▒▒▒.....▒
.z..▒....▒...'.....▒
....▒....▒...▒.....▒
....'....▒...▒.....▒
..▒▒▒....▒...▒.....▒


You could see a deep elf archer (repels missiles, ally target) and a friendly
battlesphere.


Message History

The deep elf archer repels the blast of sand!
Your battlesphere fires!
The barrage of energy hits the deep elf archer!
The deep elf archer is heavily wounded.
The deep elf archer shoots an arrow.
The arrow barely misses you.
Casting: Sandblast (safe; 1% risk of failure)
Confirm with . or Enter, or press ? or * to list all spells.
Aiming: Sandblast (safe; 1% risk of failure)
Press: ? - help, Shift-Dir - straight line, f/p - deep elf archer
Aim: a deep elf archer, wielding a +0 shortbow and wearing a +0 leather armour (heavily wounded, repelling missiles, ally target, 53% to hit)
The blast of sand misses the deep elf archer.
Your battlesphere fires!
The barrage of energy hits the deep elf archer!
The deep elf archer is severely wounded.
The deep elf archer shoots an arrow.
The arrow hits you.
* * * LOW HITPOINT WARNING * * *
Casting: Sandblast (safe; 1% risk of failure)
Confirm with . or Enter, or press ? or * to list all spells.
Aiming: Sandblast (safe; 1% risk of failure)
Press: ? - help, Shift-Dir - straight line, f/p - deep elf archer
Aim: a deep elf archer, wielding a +0 shortbow and wearing a +0 leather armour (severely wounded, repelling missiles, ally target, 53% to hit)
The deep elf archer repels the blast of sand!
Your battlesphere fires!
The barrage of energy hits the deep elf archer.
The deep elf archer is severely wounded.
The deep elf archer casts a spell at you.
You resist with almost no effort.
The deep elf archer shoots an arrow.
The arrow hits you!!
You die...
Your body crumbles into a pile of gold.

Skill      XL: |  1  2  3  4  5  6  7  8  9 10 11 |
---------------+----------------------------------+-----
Fighting       | 1 2 3 4 5 6 7 8 9 |  9.0
Conjurations   | 2 3 4 5 6 9 10 | 10.6
Earth Magic    | 4 5 7 8 10 13 14 | 14.0
Spellcasting   | 3 |  3.0
Maces & Flails | 2 |  2.0
Dodging        | |  1.5
Stealth        | |  2.1

Action                     |  1- 3 |  4- 6 |  7- 9 | 10-12 || total
---------------------------+-------+-------+-------+-------++-------
  Melee: Dagger            |   132 |   112 |       |       ||   244
         Whip              |       |   168 |   410 |   134 ||   712
         Punch             |       |       |     5 |     1 ||     6
         Unarmed           |       |       |    15 |       ||    15
  Throw: Dart              |       |       |     3 |     1 ||     4
   Cast: Sandblast         |    15 |    53 |    62 |    38 ||   168
         Stone Arrow       |       |       |    25 |    45 ||    70
         Iskenderun's Batt |       |       |       |     4 ||     4
    Use: Potion            |       |     2 |       |     2 ||     4
         Scroll            |       |       |     5 |       ||     5
   Stab: Sleeping          |     2 |       |       |       ||     2
         Distracted        |       |       |       |     2 ||     2
 Armour: Robe              |    87 |   296 |   348 |   171 ||   902
         Skin              |       |       |    13 |       ||    13
  Dodge: Dodged            |    80 |   251 |   306 |   143 ||   780

Levels and vault maps discovered:
D:1:      dpeg_arrival_arbitrary_a, layout_rooms
D:2:      layout_rooms, serial_bayou_lagoon_a, grunt_decor_cap,
          grunt_decor_mini_mirrors, minivault_4, minmay_pentomino_r4
D:3:      minmay_general_purpose_star, layout_basic,
          lemuel_zombie_altar_yredelemnul
D:4:      layout_basic, cheibrodos_worm_habitat, minmay_temple_entry_mist,
          portal_sewer_entry_d, minmay_gold_behind_fungi
D:5:      layout_loops_ring, evilmike_ruin_ashenzari, fedhas_altar_1,
          serial_shops, nicolae_shop_peninsula, nicolae_shop_real_fake_doors,
          uniq_menkaure, uniq_pikel
D:6:      layout_basic, mainiacjoe_overflow_tiny_flanked
D:7:      layout_basic, dancing_weapons_uskayaw, mainiacjoe_overflow_brackets,
          uniq_maurice, uniq_crazy_yiuf_cottage
D:8:      layout_basic, marbit_many_paths, mainiacjoe_overflow_surrounded_room
D:9:      layout_irregular_city, overflow_temple_1_default,
          mainiacjoe_overflow_paths, wad_scary_box
D:10:     layout_roguey, kennysheep_nondescript
Temple:   hellmonk_temple_of_storms

Notes
Turn   | Place    | Note
-------+----------+-------------------------------------------
     0 | D:1      | GlitterCritter the Gargoyle Earth Elementalist began the
                  | quest for the Orb.
     0 | D:1      | Reached XP level 1. HP: 10/10 MP: 3/3
    75 | D:1      | Reached skill level 1 in Fighting
   185 | D:1      | Reached XP level 2. HP: 16/17 MP: 5/5
   236 | D:1      | Reached skill level 2 in Fighting
   435 | D:1      | Reached XP level 3. HP: 20/22 MP: 6/6
   454 | D:1      | Reached skill level 3 in Fighting
   807 | D:1      | Learned a level 3 spell: Stone Arrow
   988 | D:2      | Reached skill level 2 in Conjurations
  1126 | D:2      | Identified the +3 scale mail of Ruph {Will+ Int-5 SInv}
  1152 | D:2      | Reached XP level 4. HP: 28/28 MP: 7/7
  1187 | D:2      | Reached skill level 3 in Conjurations
  1758 | D:2      | Reached skill level 4 in Fighting
  1758 | D:2      | Reached XP level 5. HP: 23/33 MP: 8/8
  2691 | D:3      | Reached skill level 4 in Earth Magic
  2701 | D:3      | Found a basalt altar of Yredelemnul.
  2741 | D:4      | Found a glowing drain.
  2760 | Sewer    | Entered a sewer
  3147 | Sewer    | Reached skill level 3 in Spellcasting
  3181 | Sewer    | Reached XP level 6. HP: 38/38 MP: 7/10
  3539 | Sewer    | Reached skill level 4 in Conjurations
  3542 | Sewer    | Reached skill level 5 in Earth Magic
  3685 | D:4      | Reached XP level 7. HP: 42/43 MP: 6/11
  3768 | D:4      | Reached skill level 5 in Conjurations
  4512 | D:4      | Reached skill level 6 in Earth Magic
  4744 | D:4      | Found a snail-covered altar of Cheibriados.
  4832 | D:4      | Found a staircase to the Ecumenical Temple.
  4963 | Temple   | Entered the Ecumenical Temple
  4991 | Temple   | Became a worshipper of Gozag Ym Sagoz the Greedy
  5409 | D:5      | Entered Level 5 of the Dungeon
  5428 | D:4      | Reached skill level 5 in Fighting
  5660 | D:5      | Found a broken altar of Ashenzari.
  5869 | D:5      | Reached skill level 7 in Earth Magic
  6128 | D:5      | Reached XP level 8. HP: 49/49 MP: 10/12
  6334 | D:5      | Found a blossoming altar of Fedhas.
  6382 | D:5      | Found Pyzoefos's Book Shop.
  6393 | D:5      | Noticed Pikel
  6608 | D:5      | Killed Pikel
  6609 | D:5      | Reached skill level 6 in Conjurations
  6609 | D:5      | Reached skill level 1 in Maces & Flails
  6609 | D:5      | Reached skill level 2 in Maces & Flails
  6609 | D:5      | Reached skill level 8 in Earth Magic
  6734 | D:5      | Noticed Menkaure
  6741 | D:4      | Reached skill level 6 in Fighting
  6870 | D:5      | Killed Menkaure
  6988 | D:5      | Found Jileanaq's Antique Weapon Shop.
  7115 | D:5      | Identified the +0 robe "Xerac" {rC+ Will+ Str+4}
  7634 | D:6      | Reached XP level 9. HP: 55/55 MP: 6/13
  7880 | D:6      | Found a hazy altar of Hepliaklqana.
  7944 | D:6      | Reached skill level 7 in Conjurations
  7944 | D:6      | Reached skill level 9 in Earth Magic
  8238 | D:6      | Reached skill level 8 in Conjurations
  9299 | D:7      | Found a runed translucent door.
  9300 | D:7      | Noticed Crazy Yiuf
  9386 | D:7      | Noticed Maurice
  9580 | D:7      | Maurice stole a +2 flail of protection
  9594 | D:7      | Killed Maurice
  9595 | D:7      | Reached skill level 10 in Earth Magic
  9709 | D:7      | Noticed a +0 hand axe
  9710 | D:7      | Found a hide-covered altar of Uskayaw.
  9710 | D:7      | Noticed a +0 hand axe
  9732 | D:7      | Reached skill level 9 in Conjurations
 10067 | D:7      | Found a shimmering blue altar of Sif Muna.
 10458 | D:7      | Killed Crazy Yiuf
 10656 | D:8      | Reached skill level 7 in Fighting
 10976 | D:5      | Bought a book of Power for 588 gold pieces
 11183 | D:8      | Reached XP level 10. HP: 24/64 MP: 10/14
 11217 | D:8      | Reached skill level 8 in Fighting
 11572 | D:8      | Reached skill level 11 in Earth Magic
 11700 | D:8      | Found a sparkling altar of Nemelex Xobeh.
 12227 | D:8      | Found a glowing golden altar of the Shining One.
 12251 | D:8      | Noticed a two-headed ogre
 12526 | D:8      | Killed a two-headed ogre
 12527 | D:8      | Reached skill level 10 in Conjurations
 13351 | D:9      | Found an iron altar of Okawaru.
 13433 | D:9      | Identified a +1 robe of resistance
 13461 | D:9      | Reached skill level 12 in Earth Magic
 13893 | D:9      | Noticed a deep elf archer
 13893 | D:9      | Noticed a centaur warrior
 14247 | D:9      | Reached skill level 13 in Earth Magic
 14583 | D:10     | Entered Level 10 of the Dungeon
 14613 | D:10     | Noticed a two-headed ogre
 14631 | D:10     | Killed a two-headed ogre
 14632 | D:10     | Reached XP level 11. HP: 32/68 MP: 1/15
 14807 | D:10     | Reached skill level 14 in Earth Magic
 14854 | D:10     | Learned a level 5 spell: Iskenderun's Battlesphere
 15234 | D:10     | Noticed a two-headed ogre
 15239 | D:10     | Killed a two-headed ogre
 15376 | D:9      | Reached skill level 9 in Fighting
 15462 | D:9      | Shot with an arrow by a deep elf archer

Vanquished Creatures
  3 two-headed ogres
  Pikel (D:5)
  Maurice (D:7)
  A gargoyle (D:10)
  A tengu conjurer (D:9)
  2 hornets (D:9)
  11 yaks
  2 wyverns
  A steam dragon (D:6)
  Menkaure (D:5)
  An acid dragon (D:8)
  3 water moccasins
  3 orc warriors
  An ice beast (D:6)
  An ogre (D:7)
  3 centaurs
  A phantom (D:4)
  3 lemures
  2 kobold brigands (D:8)
  A gnoll sergeant (D:9)
  7 bullfrogs
  A scorpion (D:4)
  A wight (D:9)
  6 killer bees (D:10)
  2 howler monkeys
  A bombardier beetle (D:4)
  Crazy Yiuf (D:7)
  2 hounds
  3 jellies
  4 orc priests (D:4)
  A sleepcap (D:6)
  3 iguanas
  3 orc wizards
  A hound zombie (D:3)
  11 gnolls
  5 river rats (Sewer)
  9 adders
  A shadow imp (D:7)
  4 white imps
  2 ufetubi (D:6)
  3 ribbon worms
  6 dart slugs
  26 orcs
  4 bats
  5 endoplasms
  3 giant cockroaches
  9 goblins
  6 hobgoblins
  5 jackals
  4 quokkas (D:1)
  16 ball pythons
  5 frilled lizards
  A jackal zombie (D:3)
  18 kobolds
  20 rats
242 creatures vanquished.

Table legend: (Time is in decaauts)
 A = Elapsed time spent in this place.
 B = Non-inter-level travel time spent in this place.
 C = Inter-level travel time spent in this place.
 D = Time resting spent in this place.
 E = Time spent auto-exploring this place.
 F = Levels seen in this place.
 G = Mean time per level.
                   A        B        C        D        E       F      G
               +--------+--------+--------+--------+--------+-----+--------+
         Total |  15680 |  14865 |    815 |   4322 |   7568 |  12 | 1306.7 |
       Dungeon |  14670 |  13866 |    804 |   3891 |   7360 |  10 | 1467.0 |
        Temple |     39 |     28 |     11 |      0 |      0 |   1 |   39.0 |
         Sewer |    970 |    970 |      0 |    431 |    207 |   1 |  970.0 |
               +--------+--------+--------+--------+--------+-----+--------+

Top non-repeatable levels by time:
     D:8: 2827 daAuts
     D:4: 2548 daAuts
     D:7: 1829 daAuts
     D:5: 1520 daAuts
     D:6: 1446 daAuts
     D:1: 1085 daAuts
     D:2: 1047 daAuts
     D:9: 1008 daAuts
   Sewer: 970 daAuts
    D:10: 735 daAuts
     D:3: 622 daAuts
  Temple: 39 daAuts

Table legend:
 A = Non-vault XP
 B = Vault XP
 C = Vault XP percentage of total XP
 D = Non-vault monster count
 E = Vault monster count
 F = Vault count percentage of total count
                 A         B        C        D         E       F
            +---------+---------+-------+---------+---------+-------
      Total |   10112 |    2462 |  19.6 |     180 |      59 |  24.7
            +---------+---------+-------+---------+---------+-------
        D:1 |      59 |       0 |   0.0 |      27 |       0 |   0.0
        D:2 |     122 |       6 |   4.7 |      22 |       3 |  12.0
        D:3 |      10 |      31 |  75.6 |       6 |       7 |  53.8
        D:4 |     670 |      17 |   2.5 |      30 |       2 |   6.2
        D:5 |     274 |     758 |  73.4 |      13 |       2 |  13.3
        D:6 |     904 |       0 |   0.0 |      15 |       0 |   0.0
        D:7 |     578 |     522 |  47.5 |      11 |       2 |  15.4
        D:8 |    2683 |     191 |   6.6 |      27 |       3 |  10.0
        D:9 |    1433 |     629 |  30.5 |      15 |       2 |  11.8
       D:10 |    3379 |       0 |   0.0 |      14 |       0 |   0.0
      Sewer |       0 |     308 | 100.0 |       0 |      38 | 100.0
            +---------+---------+-------+---------+---------+-------
